 Dungeon Crawl Stone Soup version 0.31.0-12-g77e489cdc1 (webtiles) character file.

Game seed: 4259177598193405181

46 ColdPorridge the Poker (level 3, 0/29 HPs)
             Began as a Human Cinder Acolyte on Feb 18, 2024.
             Was a High Priest of Ignis.
             Slain by Terence
             ... wielding a +0 mace
              (7 damage)
             ... on level 2 of the Dungeon.
             The game lasted 00:14:44 (1727 turns).

ColdPorridge the Poker (Human Cinder Acolyte)       Turns: 1727, Time: 00:14:45

Health: 0/29       AC:  2    Str: 22    XL:     3   Next: 68%
Magic:  1/4        EV: 11    Int: 14    God:    Ignis [*****.]
Gold:   43         SH:  0    Dex:  8    Spells: 2/4 levels left

rFire   + . .        a - -1 spear (flame) {The Hope of Ignis}
rCold   . . .        (no shield)
rNeg    . . .        b - +0 robe
rPois   .            (no helmet)
rElec   .            (no cloak)
rCorr   .            (no gloves)
SInv    +            (no boots)
Will    .....        (no amulet)
Stlth   +            g - +6 ring of strength
HPRegen 0.24/turn    m - ring of see invisible
MPRegen 0.09/turn

%: no passive effects
@: no status effects
A: explore regen
a: Renounce Religion, Fiery Armour, Foxfire Swarm, Rising Flame


You were on level 2 of the Dungeon.
You worshipped Ignis.
Ignis was extremely pleased with you.
You visited 1 branch of the dungeon, and saw 2 of its levels.

You collected 43 gold pieces.

Inventory:

Hand Weapons
 a - a -1 spear of flaming (weapon) {The Hope of Ignis}
 l - a +1 vampiric short sword
Missiles
 f - 4 javelins (quivered)
 i - 5 poisoned darts
 o - 16 stones
Armour
 b - a +0 robe (worn)
Jewellery
 g - a +6 ring of strength (left hand)
 m - a ring of see invisible (right hand)
Scrolls
 j - a scroll of enchant weapon {unknown}
 k - 2 scrolls of identify {unknown}
 n - a scroll of noise {unknown}
Potions
 c - a potion of curing
 d - 2 potions of cancellation {unknown}
 e - 2 potions of mutation {unknown}
 h - 2 potions of haste {unknown}
 p - 2 potions of invisibility {unknown}


   Skills:
 - Level 3.5 Fighting
 + Level 3.8 Polearms
 - Level 1.0 Spellcasting
 + Level 3.3 Fire Magic


You had 2 spell levels left.
You knew the following spells:

 Your Spells              Type           Power      Damage    Failure   Level
a - Scorch                Fire           20%        2d5       10%         2

Your spell library contained the following spells:

 Spells                   Type           Power      Damage    Failure   Level
 Call Canine Familiar     Summ           0%         N/A       61%         3
 Sigil of Binding         Hex            0%         N/A       61%         3
 Dimensional Bullseye     Hex/Tloc       0%         N/A       95%         4


Dungeon Overview and Level Annotations

Branches:
Dungeon (2/15)

Altars:

Shops:
D:1 =

Annotations:
D:1 exclusion: downstairs
D:2 Terence


Innate Abilities, Weirdness & Mutations

You regain HP and MP as you explore.


Message History

The foxfire hits Terence but does no damage.
Terence is heavily wounded.
The foxfire hits Terence but does no damage.
Terence is heavily wounded.
Your foxfire dissipates!
The foxfire hits Terence but does no damage.
Terence is heavily wounded.
The foxfire hits Terence.
Terence is heavily wounded.
Terence asks, "Do you want it fast or slow?"
Terence zaps a wand.
The puff of flame misses you.
Your magical contamination has completely faded away.
Throw: 6 javelins
Press: ? - help, Q - select action, (/) - cycle Shift-Dir - straight line, f - Terence
Aim: Terence, wielding a +0 mace, wearing a +0 chain mail and carrying a wand of flame (heavily wounded, 59% to hit)
You throw a javelin. The javelin pierces through Terence!
Terence is almost dead.
Terence says, "Time to say good-bye..."
Throw: 5 javelins
Press: ? - help, Q - select action, (/) - cycle Shift-Dir - straight line, f/p - Terence
Aim: Terence, wielding a +0 mace, wearing a +0 chain mail and carrying a wand of flame (almost dead, 59% to hit)
You throw a javelin. The javelin completely misses Terence.
Terence hits you with a +0 mace.
Terence zaps a wand.
The puff of flame hits you. You resist.
Casting: Scorch (safe; 10% risk of failure)
Confirm with . or Enter, or press ? or * to list all spells.
You don't have enough magic to cast this spell.
You closely miss Terence.
Terence is almost dead.
Terence barely misses you.
You barely miss Terence.
Terence is almost dead.
Terence zaps a wand.
The puff of flame hits you. You resist.
You hit Terence but do no damage.
Terence is almost dead.
Terence hits you with a +0 mace!
* * * LOW HITPOINT WARNING * * *
It was a potion of curing.
You feel better. Terence hits you with a +0 mace!
You die...
Terence says, "Time to find some more victims."

#..........#.#.# #.........##.#.#
#.........##.#.# #.........##.#.#
#.........##.#.# #.........##<#.#
###.........####.################
.................@(>............#
............####@##.###########.#
............+....##v# #.#
............#######.# #.#
.....@...)@.#######.##### #.#
.....######.............# #.#
...... ##.....###.###.# #.#
....#.. #.......<....# #.#
#######. #......#.....# #.#
#.##.<....###.### #####.#


You could see Terence.

Vanquished Creatures
  A ribbon worm (D:2)
  An endoplasm (D:1)
  3 giant cockroaches (D:1)
  6 goblins
  2 hobgoblins
  6 quokkas
  5 ball pythons
  5 bats
  6 kobolds
  3 rats
38 creatures vanquished.

Vanquished Creatures (others)
  15 foxfires
15 creatures vanquished.

Grand Total: 53 creatures vanquished

Notes
Turn   | Place    | Note
-------+----------+-------------------------------------------
     0 | D:1      | ColdPorridge the Human Cinder Acolyte began the quest for
                  | the Orb.
     0 | D:1      | Reached XP level 1. HP: 18/18 MP: 2/2
   237 | D:1      | Found Cuoc's Jewellery Shoppe.
   464 | D:1      | Reached XP level 2. HP: 23/24 MP: 3/3
   712 | D:1      | Learned a level 2 spell: Scorch
   823 | D:2      | Noticed Terence
   981 | D:2      | Reached XP level 3. HP: 18/29 MP: 2/4
  1727 | D:2      | Slain by Terence

Illustrated notes

Levels and vault maps discovered:
D:1:      ncdulo_watergridlock, layout_basic, serial_shops,
          nicolae_shop_hallway_plus
D:2:      kennysheep_the_goblin_king, layout_basic, uniq_terence

Action                     || total
---------------------------++-------
  Melee: Spear             ||   109
         Punch             ||     1
  Throw: Javelin           ||     2
   Cast: Scorch            ||    11
 Invoke: Foxfire Swarm     ||     2
    Use: Potion            ||     1
 Armour: Robe              ||    67
  Dodge: Dodged            ||    71
